 Dungeon Crawl Stone Soup version 0.22-a0-113-gdd6f4a9 (webtiles) character file.

735 wvc the Covered (level 7, -24/60 HPs)
             Began as a Gnoll Wanderer on Jan 28, 2018.
             Was an Initiate of Okawaru.
             Annihilated by an ogre
             ... wielding a +0 giant spiked club
              (36 damage)
             ... on level 4 of the Dungeon.
             The game lasted 00:06:24 (3427 turns).

wvc the Covered (Gnoll Wanderer)                    Turns: 3427, Time: 00:06:24

Health: -24/60     AC:  8    Str: 11    XL:     7   Next: 74%
Magic:  10/10      EV: 11    Int: 18    God:    Okawaru [......]
Gold:   220        SH:  0    Dex: 16    Spells: 11/11 levels left

rFire    . . .     SeeInvis .   g - +2 quarterstaff (chaos)
rCold    . . .     Gourm    .   (shield currently unavailable)
rNeg     . . .     Faith    .   b - +0 ring mail
rPois    .         Spirit   .   (no helmet)
rElec    .         Reflect  .   f - +1 cloak
rCorr    .         Harm     .   (no gloves)
MR       .....                  (no boots)
Stlth    ++........             (no amulet)
HPRegen  0.20/turn              (no ring)
MPRegen  0.12/turn              (no ring)

@: no status effects
A: distributed training, fangs 1, strong nose
a: Renounce Religion


You were on level 4 of the Dungeon.
You worshipped Okawaru.
Okawaru was noncommittal.
You were hungry.

You visited 1 branch of the dungeon, and saw 4 of its levels.

You collected 220 gold pieces.

Inventory:

Hand Weapons
 c - a +0 mace
 g - a +2 quarterstaff of chaos (weapon)
Missiles
 i - 18 poisoned needles
 u - 5 needles of sleeping
Armour
 a - a +0 shield
 b - a +0 ring mail (worn)
 f - a +1 cloak (worn)
Wands
 k - a wand of digging (13)
 t - a wand of iceblast (13)
Scrolls
 j - 2 scrolls of identify
 r - a scroll of enchant armour
Potions
 e - a potion of agility
 h - 4 potions of ambrosia
 l - a potion of curing
 m - 2 potions of lignification
 n - a potion of resistance {unknown}
 o - a potion of invisibility {unknown}
 p - 3 potions of flight {unknown}
 q - a potion of heal wounds {unknown}
Comestibles
 d - 14 rations


   Skills:
 + Level 7.1 Fighting
 + Level 2.6 Short Blades
 + Level 2.6 Long Blades
 + Level 2.6 Axes
 + Level 5.3 Maces & Flails
 + Level 2.6 Polearms
 + Level 2.6 Staves
 + Level 2.6 Slings
 + Level 2.6 Bows
 + Level 2.6 Crossbows
 + Level 3.7 Throwing
 + Level 7.1 Armour
 + Level 2.6 Dodging
 + Level 2.6 Stealth
 + Level 3.7 Shields
 + Level 2.6 Unarmed Combat
 + Level 2.6 Spellcasting
 + Level 2.1 Conjurations
 + Level 2.1 Hexes
 + Level 2.1 Charms
 + Level 2.1 Summonings
 + Level 2.1 Necromancy
 + Level 2.1 Translocations
 + Level 2.1 Transmutations
 + Level 2.1 Fire Magic
 + Level 2.1 Ice Magic
 + Level 2.1 Air Magic
 + Level 2.1 Earth Magic
 + Level 2.1 Poison Magic
 + Level 2.9 Invocations
 + Level 2.6 Evocations


You had 11 spell levels left.
You didn't know any spells.

Dungeon Overview and Level Annotations

Branches:
Dungeon (4/15)
 Temple: D:4-7

Altars:
Dithmenos
Fedhas
Gozag
Okawaru
Yredelemnul

Annotations:
D:2 exclusion: oklob plant


Innate Abilities, Weirdness & Mutations

Your experience applies equally to all skills.
You have very sharp teeth.
Your uncanny sense of smell can sniff out nearby items.


Message History

The ogre shouts!
Found a stone staircase leading down.
The ogre hits you with a giant spiked club!!
You hit the ogre.
The ogre is lightly wounded.
You are feeling hungry.
The ogre hits you with a giant spiked club!!
* * * LOW HITPOINT WARNING * * *
You are too injured to fight recklessly!
You are too injured to fight recklessly!
You are too injured to fight recklessly!
You hit the ogre.
The ogre goes berserk!
The ogre is lightly wounded.
The ogre barely misses you.
You hit the ogre. You freeze the ogre.
The ogre is moderately wounded.
The ogre completely misses you.
The ogre hits you with a giant spiked club!!!
Ouch! That really hurt!
You die...

...# ............#
##..# ...#
$.......... ##.##
...# S.....>.. #..#
..## ....... ##.##
.## #.O... ##..## ##
#.... ###....##
#..#####.......##
#..##...........#
##.O@.##........#
.......####.........#
......## ##........#
...... #........#
...... #........#
...... #........#
...... #........#
.... ##......##
#......#


You could see an ogre (berserk).

Vanquished Creatures
  The ghost of CcS the Twirler, an amateur DsGl (D:3)
  Sigmund (D:2)
  An ogre (D:4)
  Crazy Yiuf (D:2)
  2 hounds (D:4)
  Jessica (D:2)
  2 worker ants (D:4)
  4 adders
  An ooze (D:1)
  4 worms
  3 dart slugs (D:2)
  3 leopard geckos
  2 orcs (D:4)
  A giant cockroach (D:2)
  2 gnoll zombies (D:3)
  3 goblins
  9 hobgoblins
  4 jackals (D:2)
  5 kobolds
  2 quokkas (D:3)
  4 ball pythons
  8 bats
  3 frilled lizards
  13 rats
  2 fungi (D:2)
  3 plants (D:2)
85 creatures vanquished.

Vanquished Creatures (others)
  14 toadstools (D:2)
14 creatures vanquished.

Grand Total: 99 creatures vanquished

Notes
Turn   | Place    | Note
-------+----------+-------------------------------------------
     0 | D:1      | wvc the Gnoll Wanderer began the quest for the Orb.
     0 | D:1      | wvc set off with: a +0 shield, a +0 ring mail, a +0 mace, a ration
     0 | D:1      | Reached XP level 1. HP: 23/23 MP: 1/1
    93 | D:1      | Reached XP level 2. HP: 29/29 MP: 2/2
   494 | D:1      | Reached XP level 3. HP: 31/35 MP: 3/3
   811 | D:2      | Found a runed door.
   819 | D:2      | Noticed Crazy Yiuf
   830 | D:2      | Killed Crazy Yiuf
   830 | D:2      | Reached skill level 1 in Short Blades
   830 | D:2      | Reached skill level 1 in Long Blades
   830 | D:2      | Reached skill level 1 in Axes
   830 | D:2      | Reached skill level 1 in Polearms
   830 | D:2      | Reached skill level 1 in Staves
   830 | D:2      | Reached skill level 1 in Slings
   830 | D:2      | Reached skill level 1 in Bows
   830 | D:2      | Reached skill level 1 in Crossbows
   830 | D:2      | Reached skill level 1 in Dodging
   830 | D:2      | Reached skill level 1 in Stealth
   830 | D:2      | Reached skill level 1 in Unarmed Combat
   830 | D:2      | Reached skill level 1 in Spellcasting
   830 | D:2      | Reached skill level 1 in Invocations
   830 | D:2      | Reached skill level 1 in Evocations
   830 | D:2      | Reached XP level 4. HP: 24/41 MP: 3/5
  1443 | D:2      | Noticed Jessica
  1451 | D:2      | Killed Jessica
  1451 | D:2      | Reached skill level 1 in Conjurations
  1451 | D:2      | Reached skill level 1 in Hexes
  1451 | D:2      | Reached skill level 1 in Charms
  1451 | D:2      | Reached skill level 1 in Summonings
  1451 | D:2      | Reached skill level 1 in Necromancy
  1451 | D:2      | Reached skill level 1 in Translocations
  1451 | D:2      | Reached skill level 1 in Transmutations
  1451 | D:2      | Reached skill level 1 in Fire Magic
  1451 | D:2      | Reached skill level 1 in Ice Magic
  1451 | D:2      | Reached skill level 1 in Air Magic
  1451 | D:2      | Reached skill level 1 in Earth Magic
  1451 | D:2      | Reached skill level 1 in Poison Magic
  1451 | D:2      | Reached XP level 5. HP: 47/47 MP: 6/6
  1779 | D:2      | Found a blossoming altar of Fedhas.
  1790 | D:2      | Noticed Sigmund
  1801 | D:2      | Killed Sigmund
  1801 | D:2      | Reached XP level 6. HP: 36/53 MP: 6/8
  1915 | D:2      | Noticed an oklob plant
  2313 | D:3      | Reached skill level 5 in Maces & Flails
  2360 | D:3      | Noticed CcS's ghost (amateur DsGl)
  2392 | D:3      | Killed CcS's ghost
  2392 | D:3      | Reached XP level 7. HP: 13/59 MP: 8/10
  2823 | D:3      | Found a basalt altar of Yredelemnul.
  3220 | D:4      | Found an opulent altar of Gozag.
  3229 | D:4      | Found an iron altar of Okawaru.
  3233 | D:4      | Found a shadowy altar of Dithmenos.
  3246 | D:4      | Became a worshipper of Warmaster Okawaru
  3427 | D:4      | Annihilated by an ogre

Vault maps used:
D:1:      onia_arrival_handbag
D:2:      tgw_fedhas, first_ration, minmay_misc_feat_ornament,
          uniq_crazy_yiuf_cottage, uniq_jessica, uniq_sigmund
D:3:      lemuel_zombie_altar_yredelemnul, hangedman_abyss_or_decor_stabs,
          kennysheep_generic_room_2
D:4:      minmay_overflow_temple_star_quad

Skill      XL: |  1  2  3  4  5  6  7 |
---------------+----------------------+-----
Short Blades   | 1 2 |  2.6
Long Blades    | 1 2 |  2.6
Axes           | 1 2 |  2.6
Polearms       | 1 2 |  2.6
Staves         | 1 2 |  2.6
Slings         | 1 2 |  2.6
Bows           | 1 2 |  2.6
Crossbows      | 1 2 |  2.6
Dodging        | 1 2 |  2.6
Stealth        | 1 2 |  2.6
Unarmed Combat | 1 2 |  2.6
Spellcasting   | 1 2 |  2.6
Invocations    | 1 2 |  2.9
Evocations     | 1 2 |  2.6
Conjurations   | 1 2 |  2.1
Hexes          | 1 2 |  2.1
Charms         | 1 2 |  2.1
Summonings     | 1 2 |  2.1
Necromancy     | 1 2 |  2.1
Translocations | 1 2 |  2.1
Transmutations | 1 2 |  2.1
Fire Magic     | 1 2 |  2.1
Ice Magic      | 1 2 |  2.1
Air Magic      | 1 2 |  2.1
Earth Magic    | 1 2 |  2.1
Poison Magic   | 1 2 |  2.1
Throwing       | 3 |  3.7
Shields        | 3 |  3.7
Maces & Flails | 5 |  5.3
Fighting       | 7 |  7.1
Armour         | 7 |  7.1

Action                   |  1- 3 |  4- 6 |  7- 9 || total
-------------------------+-------+-------+-------++-------
Melee: Mace              |    81 |    16 |       ||    97
       Bite              |     6 |    28 |     3 ||    37
       Quarterstaff      |       |   156 |    53 ||   209
  Use: Scroll            |     4 |     3 |     4 ||    11
 Stab: Sleeping          |       |     2 |     2 ||     4
  Eat: Chunk             |       |     5 |     3 ||     8
Armor: Ring mail         |    28 |    47 |    22 ||    97
Dodge: Dodged            |    25 |    74 |    32 ||   131
Block: Shield            |    28 |     6 |       ||    34

Table legend:
 A = Spawn XP
 B = Non-spawn XP
 C = Spawn XP percentage of total XP
 D = Spawn monster count
 E = Non-spawn monster count
 F = Spawn count percentage of total count
 G = Total turns spent on level
                    A         B        C        D         E        F      G
               +---------+---------+-------+---------+---------+-------+---------
         Total |       0 |    1051 |   0.0 |       0 |      80 |   0.0 |  3427
               +---------+---------+-------+---------+---------+-------+---------
           D:1 |       0 |      39 |   0.0 |       0 |      23 |   0.0 |   748
           D:2 |       0 |     397 |   0.0 |       0 |      26 |   0.0 |  1539
           D:3 |       0 |     327 |   0.0 |       0 |      22 |   0.0 |   773
           D:4 |       0 |     288 |   0.0 |       0 |       9 |   0.0 |   367
               +---------+---------+-------+---------+---------+-------+---------
